 Dungeon Crawl Stone Soup version 0.28.0-47-ge53b351184 (webtiles) character file.

Game seed: 17813813775445463611

12 firemarshallily the Skirmisher (level 2, -2/23 (24) HPs)
             Began as a Demonspawn Fighter on Apr 25, 2022.
             Frozen to death by an endoplasm (3 damage)
             ... on level 1 of the Dungeon.
             The game lasted 00:02:18 (400 turns).

firemarshallily the Skirmisher (Demonspawn Fighter)  Turns: 400, Time: 00:02:19

HP:   -2/23 (24)    AC:  6    Str: 16    XL:     2   Next: 20%
MP:   2/2           EV:  8    Int:  9    God:
Gold: 8             SH:  4    Dex: 12    Spells: 1/1 levels left

rFire   . . .      SeeInvis .   a - +0 war axe
rCold   . . .      Faith    .   c - +0 buckler
rNeg    . . .      Spirit   .   b - +0 scale mail
rPois   .          Reflect  .   (no helmet)
rElec   .          Harm     .   (no cloak)
rCorr   .          Rampage  .   (no gloves)
Will    .....                   (no boots)
Stlth   ..........              (no amulet)
HPRegen 0.07/turn               (no ring)
MPRegen 0.08/turn               (no ring)

@: lightly drained
A: foul stench 1
a: no special abilities


You were on level 1 of the Dungeon.
You visited 1 branch of the dungeon, and saw 1 of its levels.

You collected 8 gold pieces.

Inventory:

Hand Weapons
 a - a +0 war axe (weapon)
Missiles
 h - 30 stones (quivered)
Armour
 b - a +0 scale mail (worn)
 c - a +0 buckler (worn)
Scrolls
 e - a scroll of holy word {unknown}
 f - a scroll of identify {unknown}
 g - a scroll of noise {unknown}
Potions
 d - a potion of might
 i - a potion of curing {unknown}


   Skills:
 + Level 3.1 Fighting
 * Level 2.1 Axes
 * Level 2.9 Armour
 - Level 2.7 Shields


You had one spell level left.
You didn't know any spells.
Your spell library was empty.

Dungeon Overview and Level Annotations

Branches:
Dungeon (1/15)

Altars:

Shops:
D:1 (


Innate Abilities, Weirdness & Mutations

You may rarely emit foul miasma when damaged in melee.


Message History

The ball python constricts you.
You hit the ball python.
You kill the ball python!
You hit the bat.
The bat is engulfed in dark miasma.
The bat is poisoned.
The bat seems to slow down.
You kill the bat!
You hit the endoplasm.
The endoplasm is lightly wounded.
The endoplasm freezes you.
You are frozen.
You barely miss the endoplasm. You hit the endoplasm.
The endoplasm completely misses you.
The endoplasm hits you but does no damage.
The endoplasm freezes you.
You are frozen.
The endoplasm closely misses you.
You barely miss the endoplasm.
The endoplasm is severely wounded.
You barely miss the endoplasm. The endoplasm freezes you.
You are frozen.
The endoplasm freezes you.
You are frozen.
* * * LOW HITPOINT WARNING * * *
You slash the endoplasm!
You kill the endoplasm!
You hit the endoplasm but do no damage. You block the endoplasm's attack.
You hit the endoplasm.
The endoplasm is moderately wounded.
The endoplasm hits you but does no damage.
You barely miss the endoplasm.
The endoplasm is moderately wounded.
The endoplasm barely misses you. The endoplasm freezes you.
You are frozen.
* * * LOW HITPOINT WARNING * * *
You completely miss the endoplasm.
The endoplasm is moderately wounded.
The endoplasm freezes you.
You are frozen.
You die...

... ...#. ########## .....
#(.......# ...#. #........#
.....# #.....)..## #.#..###
###########.......... #......#
#..J@.##.....##...### #.†..#
###.###....≈≈≈≈≈≈≈≈≈≈≈≈
###..###)..# #..##≈####≈≈≈≈≈##
##.......## #..##≈# #######.
###.....##..# #..##≈# +.....'.
#..^#.#####.###....≈##+###'###'
##.###.#
##.........≈≈#.#.....#. ##..#
#.# #......#...≈≈#.#..#..#.
#..## #.#
#...#.###..≈≈#†#..#..#.


You could see an endoplasm.

Vanquished Creatures
  An endoplasm (D:1)
  A giant cockroach (D:1)
  A ball python (D:1)
  3 bats (D:1)
  A frilled lizard (D:1)
  3 goblins (D:1)
  2 kobolds (D:1)
12 creatures vanquished.

Notes
Turn   | Place    | Note
-------+----------+-------------------------------------------
     0 | D:1      | firemarshallily the Demonspawn Fighter began the quest for
                  | the Orb.
     0 | D:1      | Reached XP level 1. HP: 18/18 MP: 1/1
   219 | D:1      | Found Hyino's Weapon Shoppe.
   311 | D:1      | Gained mutation: You may rarely emit foul miasma when
                  | damaged in melee. [demonic ancestry]
   311 | D:1      | Reached XP level 2. HP: 18/22 MP: 2/2
   399 | D:1      | HP: 1/23 [frozen (4)]
   400 | D:1      | Frozen to death by an endoplasm

Illustrated notes

Levels and vault maps discovered:
D:1:      heliophobic_arrival_glass_houses, layout_rooms, serial_shops,
          nicolae_square_shop, st_stairs_4

Skill      XL: |  1 |
---------------+----+-----
Axes           | 2 |  2.1
Fighting       | |  3.1
Armour         | |  2.9
Shields        | |  2.7

Action                   || total
-------------------------++-------
Melee: War axe           ||    41
Armor: Scale mail        ||    20
Dodge: Dodged            ||    18
Block: Buckler           ||     7
